 Seeded DCSS version 0.32-a0-450-g080537f31e (webtiles) character file.

Game seed: 6965631656755398118 (custom seed)

16072 CougarLife the Geomancer (level 12, 61/61 HPs)
             Began as a Gargoyle Earth Elementalist on Feb 23, 2024.
             Was an Initiate of Gozag.
             Quit the game on level 8 of the Dungeon.
             The game lasted 00:24:30 (16617 turns).

CougarLife the Geomancer (GrEE)                    Turns: 16617, Time: 00:24:31

Health: 61/61      AC: 14    Str: 12    XL:     12   Next: 33%
Magic:  26/26      EV: 11    Int: 21    God:    Gozag
Gold:   4364       SH:  0    Dex: 10    Spells: 27/31 levels left

rFire   + . .        m - +1 dagger (venom)
rCold   . . .        (no shield)
rNeg    + . .        I - +1 robe {Will+}
rPois   ∞            l - +0 helmet
rElec   +            (no cloak)
rCorr   .            J - +0 pair of gloves
SInv    .            B - +0 pair of boots
Will    +....        (no amulet)
Stlth   ++           u - +4 ring of slaying
HPRegen 0.30/turn    v - ring of protection from fire
MPRegen 0.20/turn

%: no passive effects
@: no status effects
A: sickness immunity, AC +8, negative energy resistance 1, electricity
resistance, torment resistance 1, petrification resistance
a: Renounce Religion, Potion Petition, Call Merchant, Bribe Branch


You were on level 8 of the Dungeon.
You worshipped Gozag.
Gozag was most pleased with you.
You visited 2 branches of the dungeon, and saw 13 of its levels.
You also visited: Bailey.

You collected 4471 gold pieces.
You paid 107 gold pieces to Gozag.

Inventory:

Hand Weapons
 m - a +1 dagger of venom (weapon)
Armour
 l - a +0 helmet (worn)
 B - a +0 pair of boots (worn)
 I - a +1 robe of willpower (worn)
 J - a +0 pair of gloves (worn)
Jewellery
 u - a +4 ring of slaying (left hand)
 v - a ring of protection from fire (right hand)
Wands
 i - a wand of roots (17)
 p - a wand of mindburst (14)
 w - a wand of flame (20)
 F - a wand of digging (4)
 G - a wand of quicksilver (17)
 M - a wand of polymorph (3)
Scrolls
 a - 2 scrolls of revelation {unknown}
 g - 2 scrolls of amnesia {unknown}
 j - a scroll of blinking {unknown}
 r - 3 scrolls of poison
 s - a scroll of noise {unknown}
 x - 2 scrolls of enchant armour {unknown}
 y - a scroll of silence {unknown}
 C - 2 scrolls of fog {unknown}
 D - 2 scrolls of teleportation
 E - a scroll of enchant weapon {unknown}
 H - a scroll of butterflies {unknown}
 L - a scroll of identify
Potions
 b - a potion of magic
 c - 6 potions of enlightenment
 d - a potion of resistance {unknown}
 e - a potion of heal wounds {unknown}
 f - a potion of berserk rage {unknown}
 h - 2 potions of lignification
 k - 6 potions of curing
 n - 2 potions of invisibility {unknown}
 o - 4 potions of cancellation {unknown}
 q - 2 potions of attraction
 t - 3 potions of haste
 z - 2 potions of might
 A - 4 potions of brilliance {unknown}
 K - a potion of degeneration {unknown}


   Skills:
 + Level 1.4 Fighting
 - Level 1.5 Dodging
 - Level 2.1 Stealth
 + Level 10.0 Spellcasting
 + Level 11.5 Conjurations
 - Level 6.0 Ice Magic
 - Level 5.0 Air Magic
 + Level 12.0 Earth Magic


You had 27 spell levels left.
You knew the following spells:

 Your Spells              Type           Power      Damage    Failure   Level
a - Sandblast             Erth           100%       2d20      1%          1
b - Stone Arrow           Conj/Erth      100%       3d13      1%          3

Your spell library contained the following spells:

 Spells                   Type           Power      Damage    Failure   Level
 Momentum Strike          Conj/Tloc      68%        3d9       1%          2
 Passwall                 Erth           57%        N/A       1%          3
 Brom's Barrelling Bould  Conj/Erth      57%        2d7       1%          4
 Petrify                  Alch/Erth      35%        N/A       5%          4
 Apportation              Tloc           20%        N/A       6%          1
 Blink                    Tloc           20%        N/A       10%         2
 Jinxbite                 Hex            20%        N/A       10%         2
 Lesser Beckoning         Tloc           20%        N/A       10%         2
 Borgnjor's Vile Clutch   Necr/Erth      17%        N/A       16%         5
 Fireball                 Conj/Fire      17%        3d9       17%         5
 Cause Fear               Hex            5%         N/A       54%         4
 Manifold Assault         Tloc           10%        N/A       54%         4
 Alistair's Intoxication  Alch           6%         N/A       87%         5
 Death Channel            Necr           5%         N/A       100%        6
 Dispersal                Tloc           5%         N/A       100%        6
 Disjunction              Tloc           5%         N/A       100%        8
 Dragon's Call            Summ           5%         N/A       100%        9
 Animate Dead             Necr           Unusable   N/A       N/A         4

Dungeon Overview and Level Annotations

Branches:
Dungeon (12/15)            Temple (1/1) D:6            Lair (0/5) D:8
    Orc (0/2) D:10         Bailey (visited)

Altars:
Ashenzari
Cheibriados
Dithmenos
Elyvilon
Fedhas
Gozag
Hepliaklqana
Kikubaaqudgha
Makhleb
Nemelex Xobeh
Okawaru
Qazlal
Ru
Sif Muna
Trog
Uskayaw
Vehumet
Wu Jian
Xom
Yredelemnul
Zin
The Shining One
Beogh

Shops:
D:1 (!   D:2 *   D:3 [   D:7 *

Annotations:
D:3 3 runed translucent doors, sleeves's ghost, amateur OnGl


Innate Abilities, Weirdness & Mutations

You are immune to sickness and miasma.
Your stone body is resilient. (AC +8)
You are immune to poison.
You resist negative energy. (rN+)
You are resistant to electric shocks. (rElec)
You are resistant to unholy torment.
You are immune to petrification.


Message History

There is a stone staircase leading down here.
There is a stone staircase leading up here.
You climb upwards.
There is a stone staircase leading down here.
You see here a +0 giant spiked club.
There is a stone staircase leading up here.
You climb upwards.
There is a stone staircase leading down here.
Things that are here:
a +0 spear; a gnoll skeleton You now have 4359 gold pieces (gained 5).
Things that are here:
a +0 chain mail; a +0 hand axe
There is a stone staircase leading down here.
You now have 4364 gold pieces (gained 5).
You see here a +0 flail.
You see here a +0 flail.
There is a stone staircase leading down here.
You see here a +0 club.
There is an escape hatch in the ceiling here.
A mysterious force pulls you upwards. The hatch slams shut behind you.
You see here a +0 quarterstaff.
You see here an adder skeleton.
There is a stone staircase leading down here.
You climb downwards.
There is a stone staircase leading up here.
You can't go down here!
You see here a +0 trident.
There is a stone staircase leading down here.
You climb downwards.
There is a stone staircase leading up here.
You see here a +0 giant spiked club.
There is a stone staircase leading down here.
You climb downwards.
There is a stone staircase leading up here.
There is a stone staircase leading down here.
You climb downwards.
There is a stone staircase leading up here.
Unknown command.
Are you sure you want to abandon this character and quit the game? (Confirm with "yes".)

.....###.###..###
....###....#..#.##
...........#.....#
..............).####
...............##..###
.....................#
.....................#
.................#..##
..##............@##.#
..##..............#.#
..###...).........#.##
..##)................#
..###)).............##
..####).........)...#
...................##
..##..............##
.................####


There were no monsters in sight!

Vanquished Creatures
  2 two-headed ogres
  Lodul (D:11)
  Pikel (D:7)
  An ugly thing (D:11)
  2 manticores
  2 gargoyles (D:11)
  An unseen horror (D:12)
  2 kobold demonologists (D:10)
  A komodo dragon (D:8)
  Prince Ribbit (D:8)
  8 slime creatures (D:11)
  4 wyverns
  2 wraiths (D:10)
  A shadow (D:11)
  Eustachio (D:5)
  5 yaks
  3 basilisks
  A steam dragon (D:9)
  4 vampire mosquitoes
  Grum (D:9)
  An acid dragon (D:11)
  4 water moccasins
  2 black bears
  10 orc warriors
  13 ogres
  2 centaurs
  4 wolves (D:9)
  3 lemures (D:7)
  6 kobold brigands
  A phantom (D:3)
  2 bullfrogs
  A gnoll sergeant (D:5)
  4 scorpions
  4 wights (D:6)
  19 killer bees
  A bombardier beetle (D:3)
  2 jellies
  2 hounds (D:5)
  3 gnoll boudas
  10 orc priests
  Ijyb (D:3)
  Natasha (thrice) (D:2)
  2 iguanas
  13 orc wizards
  Robin (D:2)
  15 gnolls
  11 adders
  A shadow imp (D:7)
  A white imp (D:6)
  2 ufetubi (D:6)
  2 ribbon worms
  A dart slug (D:4)
  41 orcs
  7 ball pythons
  7 endoplasms
  3 giant cockroaches
  15 goblins
  9 hobgoblins
  7 jackals
  45 kobolds
  3 quokkas (D:2)
  7 bats
  3 frilled lizards (D:1)
  2 rats (D:1)
340 creatures vanquished.

Notes
Turn   | Place    | Note
-------+----------+-------------------------------------------
     0 | D:1      | CougarLife the Gargoyle Earth Elementalist began the quest
                  | for the Orb.
     0 | D:1      | Reached XP level 1. HP: 10/10 MP: 3/3
    60 | D:1      | Found Ashripp's Weapon Shoppe.
   102 | D:1      | Reached XP level 2. HP: 3/15 MP: 0/5
   217 | D:1      | Reached skill level 4 in Earth Magic
   723 | D:1      | Reached XP level 3. HP: 10/19 MP: 1/6
   794 | D:1      | Found Baxzixzy's Distillery.
  1180 | D:2      | Noticed Natasha
  1184 | D:2      | Killed Natasha
  1185 | D:2      | Reached XP level 4. HP: 16/24 MP: 4/8
  1275 | D:2      | Found Sozous's Assorted Antiques.
  1402 | D:2      | Noticed Natasha
  1408 | D:2      | Killed Natasha
  1646 | D:2      | Noticed Natasha
  1651 | D:2      | Killed Natasha
  1652 | D:2      | Reached XP level 5. HP: 12/28 MP: 6/9
  1795 | D:2      | Identified the +2 kite shield of Untold Secrets {Str+4
                  | Int+5 Slay-3 SInv}
  2094 | D:2      | Noticed Robin
  2095 | D:2      | Reached skill level 5 in Earth Magic
  2103 | D:2      | Killed Robin
  2257 | D:3      | Noticed a phantom
  2261 | D:3      | Killed a phantom
  2262 | D:3      | Reached XP level 6. HP: 32/32 MP: 6/11
  2359 | D:3      | Learned a level 3 spell: Stone Arrow
  2368 | D:3      | Noticed Ijyb
  2374 | D:3      | Killed Ijyb
  2577 | D:3      | Found Tiomocil's Antique Armour Boutique.
  2979 | D:3      | Found a runed translucent gate.
  2986 | D:3      | Found a runed translucent gate.
  2986 | D:3      | Identified the +1 leather armour of Insurance {Rampage
                  | rCorr}
  2986 | D:3      | Noticed sleeves's ghost (amateur OnGl)
  2987 | D:3      | Found a runed translucent gate.
  3128 | D:3      | Found a roughly hewn altar of Beogh.
  4065 | D:4      | Reached skill level 6 in Earth Magic
  4146 | D:3      | Reached XP level 7. HP: 6/36 MP: 6/13
  4605 | D:5      | Entered Level 5 of the Dungeon
  4752 | D:5      | Reached skill level 5 in Conjurations
  5344 | D:5      | Noticed Eustachio
  5363 | D:5      | Killed Eustachio
  5364 | D:5      | Reached skill level 5 in Spellcasting
  5364 | D:5      | Reached skill level 7 in Earth Magic
  5364 | D:5      | Reached XP level 8. HP: 24/41 MP: 0/15
  6283 | D:6      | Reached skill level 8 in Earth Magic
  6359 | D:6      | Found a staircase to the Ecumenical Temple.
  6367 | Temple   | Entered the Ecumenical Temple
  6380 | Temple   | Became a worshipper of Gozag Ym Sagoz the Greedy
  6501 | D:6      | Found a sparkling altar of Nemelex Xobeh.
  7034 | D:6      | Reached XP level 9. HP: 31/45 MP: 10/18
  7826 | D:6      | Reached skill level 9 in Earth Magic
  8447 | D:7      | Found Acuentuo's Neck Hole.
  8491 | D:7      | Found the +5 woodcutter's axe
  8711 | D:7      | Noticed Pikel
  8741 | D:7      | Killed Pikel
  8978 | D:8      | Reached skill level 10 in Earth Magic
  8983 | D:7      | Reached XP level 10. HP: 43/50 MP: 3/21
  9464 | D:8      | Noticed a manticore
  9640 | D:8      | Killed a manticore
  9951 | D:8      | Found a staircase to the Lair.
 10106 | D:8      | Noticed Prince Ribbit
 10118 | D:8      | Killed Prince Ribbit
 10119 | D:8      | Reached skill level 11 in Earth Magic
 10308 | D:8      | Found a hazy altar of Hepliaklqana.
 10689 | D:8      | Identified a scroll of acquirement
 10696 | D:8      | Acquired 1141 gold pieces
 10766 | D:9      | Reached skill level 10 in Conjurations
 10887 | D:9      | Found a flagged portal.
 10887 | D:9      | Noticed a two-headed ogre
 10913 | D:9      | Killed a two-headed ogre
 10914 | D:9      | Reached XP level 11. HP: 54/54 MP: 10/24
 10951 | Bailey   | Entered a bailey
 11009 | Bailey   | Noticed an orc warlord
 11291 | Bailey   | Found a runed translucent gate.
 11293 | Bailey   | Found a runed translucent gate.
 11295 | Bailey   | Found a runed translucent gate.
 11536 | D:9      | Reached skill level 1 in Ice Magic
 11600 | D:9      | Noticed Grum
 11618 | D:9      | Reached skill level 1 in Air Magic
 11704 | D:9      | Killed Grum
 12914 | D:10     | Entered Level 10 of the Dungeon
 12914 | D:10     | Found a stormy altar of Qazlal.
 12914 | D:10     | Found a blossoming altar of Fedhas.
 13003 | D:10     | Found a staircase to the Orcish Mines.
 13580 | D:10     | Found a shadowy altar of Dithmenos.
 13580 | D:10     | Found an ancient bone altar of Kikubaaqudgha.
 13580 | D:10     | Found a radiant altar of Vehumet.
 13587 | D:10     | Found a bloodstained altar of Trog.
 13597 | D:10     | Found an ornate altar of the Wu Jian Council.
 13824 | D:10     | Found a roughly hewn altar of Beogh.
 14388 | D:11     | Noticed Lodul
 14392 | D:11     | Killed Lodul
 14651 | D:11     | Reached skill level 5 in Ice Magic
 14698 | D:11     | Noticed a two-headed ogre
 14703 | D:11     | Killed a two-headed ogre
 14704 | D:11     | Reached XP level 12. HP: 59/59 MP: 15/25
 15795 | D:11     | Reached skill level 5 in Air Magic
 15897 | D:12     | Reached skill level 10 in Spellcasting
 15917 | D:12     | Reached skill level 12 in Earth Magic
 16119 | D:12     | Reached skill level 1 in Fighting
 16617 | D:8      | Quit the game

Illustrated notes

Levels and vault maps discovered:
D:1:      dpeg_arrival_solitude, layout_loops_corners, serial_shops, shop, shop
D:2:      layout_loops_cross, serial_shops, shop, uniq_natasha, uniq_robin
D:3:      layout_loops_ring, biasface_ghost_orc_armoury, serial_shops,
          nicolae_shop_tiny_real_fake_doors, uniq_ijyb
D:4:      layout_layer_cave, minmay_gold_behind_fungi
D:5:      layout_loops_ring, kennysheep_generic_room_13, uniq_eustachio
D:6:      minmay_spotlight, layout_loops_corners, overflow_temple_1_default,
          minmay_temple_entry_crystal_x
D:7:      layout_rooms, grunt_ministairs_7, nicolae_shop_sticking_my_neck_out,
          uniq_pikel
D:8:      layout_cave_pools, mainiacjoe_overflow_alcove_1, david_lair_shrubbed,
          uniq_prince_ribbit1
D:9:      layout_basic, enter_bailey_5, nicolae_straight_to_the_point, uniq_grum
D:10:     layout_basic, grunt_temple_overflow_forces_of_nature,
          minmay_overflow_temple_star_hex, minmay_orc_entry_temple_small
D:11:     layout_long_grid, serial_glass, glass_columns_a, glass_columns_a,
          minmay_strange_pillars, item_on_display_a, uniq_lodul
D:12:     kennysheep_bubbly, layout_irregular_city
Temple:   compressed_dpeg_triangle_lava_temple

Skill      XL: |  1  2  3  4  5  6  7  8  9 10 11 12 |
---------------+-------------------------------------+-----
Earth Magic    | 4 5 6 7 8 10 11 12 | 12.0
Conjurations   | 2 3 4 5 7 8 10 11 | 11.5
Spellcasting   | 3 4 5 6 7 9 10 | 10.0
Ice Magic      | 5 6 |  6.0
Air Magic      | 4 5 |  5.0
Fighting       | 1 |  1.4
Dodging        | |  1.5
Stealth        | |  2.1

Action                     |  1- 3 |  4- 6 |  7- 9 | 10-12 || total
---------------------------+-------+-------+-------+-------++-------
  Melee: Unarmed           |    14 |     2 |       |       ||    16
         Dagger            |       |     6 |    17 |    12 ||    35
   Cast: Sandblast         |    38 |    92 |   118 |   177 ||   425
         Stone Arrow       |       |     8 |    55 |   168 ||   231
  Evoke: Wand              |       |       |       |     6 ||     6
    Use: Scroll            |       |       |       |    10 ||    10
         Potion            |       |       |       |     1 ||     1
 Armour: Robe              |    29 |    52 |   101 |   188 ||   370
  Dodge: Dodged            |    24 |    36 |    82 |   147 ||   289

Table legend: (Time is in decaauts)
 A = Elapsed time spent in this place.
 B = Non-inter-level travel time spent in this place.
 C = Inter-level travel time spent in this place.
 D = Time resting spent in this place.
 E = Time spent auto-exploring this place.
 F = Levels seen in this place.
 G = Mean time per level.
                   A        B        C        D        E       F      G
               +--------+--------+--------+--------+--------+-----+--------+
         Total |  16861 |  15747 |   1114 |   4535 |   7734 |  14 | 1204.4 |
       Dungeon |  16334 |  15244 |   1090 |   4391 |   7660 |  12 | 1361.2 |
        Temple |     26 |      2 |     24 |      0 |      0 |   1 |   26.0 |
        Bailey |    500 |    500 |      0 |    144 |     74 |   1 |  500.0 |
               +--------+--------+--------+--------+--------+-----+--------+

Top non-repeatable levels by time:
    D:11: 1929 daAuts
     D:7: 1863 daAuts
     D:6: 1794 daAuts
     D:9: 1736 daAuts
     D:5: 1653 daAuts
     D:4: 1280 daAuts
     D:8: 1217 daAuts
     D:2: 1208 daAuts
     D:3: 1196 daAuts
    D:10: 1082 daAuts
     D:1: 1049 daAuts
  Bailey: 500 daAuts
    D:12: 322 daAuts
  Temple: 26 daAuts
